 Dungeon Crawl Stone Soup version 0.29.1-15-g9cfb28693d (webtiles) character file.

Game seed: 5697939187406130304

410 dudediamond6 the Cudgeller (level 6, -3/38 HPs)
             Began as a Gargoyle Fighter on Mar 17, 2023.
             Killed by divine providence
             ... invoked by an orc priest
              (10 damage)
             ... on level 4 of the Dungeon.
             The game lasted 00:05:48 (4574 turns).

dudediamond6 the Cudgeller (Gargoyle Fighter)       Turns: 4574, Time: 00:05:48

Health: -3/38      AC: 18    Str: 22    XL:     6   Next: 89%
Magic:  6/6        EV:  6    Int:  8    God:
Gold:   235        SH:  4    Dex:  9    Spells: 5/5 levels left

rFire   . . .      SeeInvis .   a - +0 flail
rCold   . . .      Faith    .   c - +0 buckler
rNeg    + . .      Spirit   .   m - +0 plate armour
rPois   ∞          Reflect  .   (no helmet)
rElec   +          Harm     .   p - +0 cloak
rCorr   .          Rampage  .   l - +0 pair of gloves
Will    .....                   (no boots)
Stlth   ..........              (no amulet)
HPRegen 0.12/turn               (no ring)
MPRegen 0.10/turn               (no ring)

@: no status effects
A: sickness immunity, AC +4, negative energy resistance 1, electricity
resistance, torment resistance 1, petrification resistance
a: no special abilities


You were on level 4 of the Dungeon.
You visited 1 branch of the dungeon, and saw 4 of its levels.

You collected 235 gold pieces.

Inventory:

Hand Weapons
 a - a +0 flail (weapon)
Armour
 c - a +0 buckler (worn)
 l - a +0 pair of gloves (worn)
 m - a +0 plate armour (worn)
 p - a +0 cloak (worn)
Jewellery
 t - a +6 ring of intelligence
 u - an amulet of the acrobat
Scrolls
 b - 2 scrolls of blinking
 e - 5 scrolls of amnesia
 f - a scroll of enchant armour {unknown}
 g - 3 scrolls of teleportation
 h - a scroll of identify
 q - 2 scrolls of vulnerability {unknown}
 r - a scroll of fog {unknown}
 s - a scroll of silence {unknown}
Potions
 d - a potion of might
 i - 2 potions of mutation {unknown}
 j - a potion of heal wounds {unknown}
 k - 2 potions of brilliance {unknown}
 n - 7 potions of curing {unknown}
 o - 2 potions of flight {unknown}


   Skills:
 + Level 4.2 Fighting
 + Level 5.4 Maces & Flails
 + Level 4.4 Armour
 + Level 0.3 Stealth
 + Level 4.2 Shields


You had 5 spell levels left.
You didn't know any spells.
Your spell library was empty.

Dungeon Overview and Level Annotations

Branches:
Dungeon (4/15)
 Temple: D:4-7

Altars:
Trog
Xom


Innate Abilities, Weirdness & Mutations

You are immune to sickness and miasma.
Your stone body is resilient. (AC +4)
You are immune to poison.
You resist negative energy. (rN+)
You are resistant to electric shocks. (rElec)
You are resistant to unholy torment.
You are immune to petrification.


Message History

The orc wizard shouts!
You sock the orc!
You kill the orc!
The orc wizard mumbles some strange words.
The orc wizard flickers and vanishes!
Deactivating autopickup; reactivate with Ctrl-A.
You hit the jelly.
Your hands burn!
The jelly is lightly wounded.
The jelly hits you but does no damage.
You thump the jelly!
Your hands burn!
* * * LOW HITPOINT WARNING * * *
The jelly is severely wounded.
You block the jelly's attack.
You hit the jelly.
Your hands burn!
* * * LOW HITPOINT WARNING * * *
The jelly is almost dead.
The jelly hits you but does no damage. x2
You hit the jelly.
You kill the jelly!
You hit the endoplasm.
The endoplasm is almost dead.
The endoplasm freezes you.
You are frozen.
* * * LOW HITPOINT WARNING * * *
You hit the endoplasm.
You kill the endoplasm!
You miss something.
Something hits you but does no damage. x2
You barely miss something. Something hits you but does no damage.
You closely miss something. Something hits you but does no damage.
You miss something. You block something's attack.
You hit something. Something hits you.
* * * LOW HITPOINT WARNING * * *
An orc priest comes into view. It is wielding a +0 war axe.
Something hits you but does no damage.
The orc priest shouts!
You hit something. Something hits you but does no damage.
You barely miss something.
The orc priest mumbles some strange prayers to Beogh against you.
Beogh smites you!
You die...

# #
#.....#....## #
#....#.....## +
. #...'..#...#
.. ##..#.##.#.#
#..
##.#.##.#.####
#.. #
#)##.#....## ..
##..#.####..##
#####'####...#.#
##..##
..$...†{@....#.#
##..##
.......####..#.#
##... ....o##
#.##.# ##.. ###.
..##.########..
#
.###...........
# ############


You could see an orc priest.

Vanquished Creatures
  A scorpion (D:4)
  A hound (D:3)
  An orc priest (D:4)
  3 jellies (D:4)
  7 adders
  2 worms
  3 dart slugs
  11 orcs
  8 ball pythons
  11 endoplasms
  7 giant cockroaches
  7 hobgoblins
  3 jackals (D:2)
  10 kobolds
  5 quokkas
  5 bats
  2 frilled lizards (D:3)
  7 goblins
  5 rats
99 creatures vanquished.

Vanquished Creatures (others)
  A plant (D:2)
1 creature vanquished.

Grand Total: 100 creatures vanquished

Notes
Turn   | Place    | Note
-------+----------+-------------------------------------------
     0 | D:1      | dudediamond6 the Gargoyle Fighter began the quest for the
                  | Orb.
     0 | D:1      | Reached XP level 1. HP: 14/14 MP: 1/1
    44 | D:1      | Reached XP level 2. HP: 9/19 MP: 2/2
   747 | D:1      | Reached XP level 3. HP: 23/23 MP: 3/3
  1433 | D:2      | Reached XP level 4. HP: 23/29 MP: 4/4
  1695 | D:2      | Found a shimmering altar of Xom.
  2283 | D:3      | Reached skill level 3 in Maces & Flails
  2379 | D:3      | Found a bloodstained altar of Trog.
  2676 | D:3      | Reached XP level 5. HP: 25/33 MP: 5/5
  3900 | D:4      | Reached skill level 4 in Maces & Flails
  4263 | D:4      | Reached XP level 6. HP: 35/38 MP: 6/6
  4558 | D:4      | Reached skill level 5 in Maces & Flails
  4574 | D:4      | Killed from afar by an orc priest

Illustrated notes

Levels and vault maps discovered:
D:1:      lemuel_arrival_rhombus, layout_basic, grunt_decor_fettered
D:2:      layout_basic, basic_altar, serial_forest, infiniplex_forest_end_2,
          infiniplex_forest_end_2, infiniplex_forest_straight_4,
          infiniplex_forest_clump_tiny, infiniplex_forest_straight_2,
          infiniplex_forest_side_room, infiniplex_forest_lined_corner
D:3:      minmay_chambers_of_threes, layout_loops_corners,
          mainiacjoe_overflow_six_doors_small, grunt_ministairs_2
D:4:      layout_rooms, amcnicky_altar_gilded, grunt_decor_one_mirror,
          grunt_decor_cap, grunt_ministairs_7, minmay_quadrilaterals,
          uniq_sigmund

Skill      XL: |  1  2  3  4  5  6 |
---------------+-------------------+-----
Armour         | 4 |  4.4
Maces & Flails | 3 4 5 |  5.4
Shields        | 4 |  4.2
Fighting       | 4 |  4.2
Stealth        | |  0.3

Action                   |  1- 3 |  4- 6 || total
-------------------------+-------+-------++-------
Melee: Flail             |   139 |   213 ||   352
  Use: Scroll            |       |     5 ||     5
Armor: Scale mail        |    31 |       ||    31
       Plate armour      |   114 |   131 ||   245
Dodge: Dodged            |    50 |    47 ||    97
Block: Buckler           |    51 |    54 ||   105
